 Dungeon Crawl Stone Soup version 0.24.0-37-gcf1ca852f1 (webtiles) character file.

Game seed: 16580951871058432969, levelgen mode: deterministic

254 H0rd4k the Magician (level 5, -1/28 HPs)
             Began as a Deep Elf Wizard on Nov 25, 2019.
             Slain by an ooze (4 damage)
             ... in a sewer.
             The game lasted 00:09:38 (3247 turns).

H0rd4k the Magician (Deep Elf Wizard)               Turns: 3247, Time: 00:09:39

Health: -1/28      AC:  2    Str:  4    XL:     5   Next: 91%
Magic:  11/17      EV: 10    Int: 24    God:
Gold:   180        SH:  0    Dex: 13    Spells: 10/19 levels left

rFire    + . .     SeeInvis .   (no weapon)
rCold    . . .     Gourm    .   (no shield)
rNeg     . . .     Faith    .   n - +0 robe {rF+}
rPois    .         Spirit   .   b - +0 hat
rElec    .         Reflect  .   (no cloak)
rCorr    .         Harm     .   (no gloves)
MR       .....                  (no boots)
Stlth    ++........             (no amulet)
HPRegen  0.09/turn              (no ring)
MPRegen  0.15/turn              (no ring)

@: lethally poisoned (-1 -> -4), constricted
A: no striking features
a: no special abilities


You were in a sewer.
You were hungry.

You visited 1 branch of the dungeon, and saw 5 of its levels.
You also visited: Sewer.

You collected 180 gold pieces.

Inventory:

Missiles
 e - 4 curare-tipped darts
 g - 21 poisoned darts (quivered)
Armour
 a - a +0 robe
 b - a +0 hat (worn)
 n - a +0 robe of fire resistance (worn)
Jewellery
 l - a cursed ring of attention {unknown}
Scrolls
 f - a scroll of immolation {unknown}
 j - 2 scrolls of teleportation {unknown}
 m - 5 scrolls of identify {unknown}
 o - 2 scrolls of remove curse {unknown}
 p - 3 scrolls of amnesia {unknown}
 q - a scroll of enchant weapon {unknown}
 s - a scroll of enchant armour {unknown}
Potions
 c - a potion of ambrosia {unknown}
 h - a potion of degeneration {unknown}
 i - a potion of curing {unknown}
 k - a potion of resistance {unknown}
Comestibles
 d - 6 rations


   Skills:
 + Level 2.7 Dodging
 + Level 3.1 Stealth
 + Level 0.1 Unarmed Combat
 + Level 7.7 Spellcasting
 + Level 3.0 Conjurations
   Level 1.1 Summonings
 + Level 1.3 Translocations
 + Level 0.1 Air Magic


You had 10 spell levels left.
You knew the following spells:

 Your Spells              Type           Power        Failure   Level  Hunger
a - Magic Dart            Conj           ###.         1%          1    None
b - Blink                 Tloc           N/A          6%          2    None
c - Conjure Flame         Conj/Fire      ###.....     11%         3    None
d - Mephitic Cloud        Conj/Pois/Air  ##......     13%         3    None

Your spell library contained the following spells:

 Spells                   Type           Power        Failure   Level  Hunger
 Call Imp                 Summ           ##......     6%          2    None
 Slow                     Hex            #.......     10%         2    None


Dungeon Overview and Level Annotations

Branches:
Dungeon (5/15)             Temple (0/1) D:5           Sewer (1/1)

Altars:
Elyvilon
Nemelex Xobeh
Okawaru
Uskayaw
Yredelemnul
The Shining One

Shops:
D:4 ?

Annotations:
D:1 exclusion: 2 downstairs
D:3 exclusion: 2 downstairs
D:4 Sigmund


Message History

Confirm with . or Enter, or press ? or * to list all spells.
Aiming: Magic Dart (safe; 1% risk of failure)
Press: ? - help, Shift-Dir - straight line, f/p - leopard gecko
Aim: a leopard gecko (moderately wounded)
The magic dart hits the leopard gecko.
The leopard gecko is heavily wounded.
You feel sick. The leopard gecko closely misses you. The ooze hits you.
* * * LOW HITPOINT WARNING * * *
All of the chunks of flesh in your inventory have rotted away.
Casting: Magic Dart (safe; 1% risk of failure)
Confirm with . or Enter, or press ? or * to list all spells.
Aiming: Magic Dart (safe; 1% risk of failure)
Press: ? - help, Shift-Dir - straight line, f/p - leopard gecko
Aim: a leopard gecko (heavily wounded)
The magic dart hits the leopard gecko.
You kill the leopard gecko!
The ball python barely misses you. The ball python grabs you.
* * * LOW HITPOINT WARNING * * *
The ball python constricts you. The ooze hits you.
You die...

##### #
##...##
###.##.....##
.≈..........#
≈≈.....l†...#
..####.S@J..#
###.∩### ####


You could see an ooze, a leopard gecko and a ball python.

Vanquished Creatures
  A howler monkey (D:4)
  An orc priest (D:3)
  2 worker ants
  4 adders
  An ooze (D:1)
  3 worms
  2 dart slugs
  7 leopard geckos
  9 orcs
  A ball python (D:5)
  2 giant cockroaches
  7 goblins
  5 hobgoblins
  2 jackals (D:3)
  3 kobolds
  3 quokkas
  9 bats
  6 frilled lizards
  A quokka skeleton (D:5)
  7 rats
76 creatures vanquished.

Notes
Turn   | Place    | Note
-------+----------+-------------------------------------------
     0 | D:1      | H0rd4k the Deep Elf Wizard began the quest for the Orb.
     0 | D:1      | Reached XP level 1. HP: 10/10 MP: 7/7
   116 | D:1      | Reached skill level 5 in Spellcasting
   219 | D:1      | Reached XP level 2. HP: 15/15 MP: 8/10
   557 | D:2      | Found a white marble altar of Elyvilon.
   581 | D:2      | Reached XP level 3. HP: 19/19 MP: 1/12
   585 | D:2      | Learned a level 2 spell: Blink
   589 | D:2      | Learned a level 3 spell: Conjure Flame
   593 | D:2      | Learned a level 3 spell: Mephitic Cloud
  1146 | D:2      | Reached skill level 6 in Spellcasting
  1492 | D:3      | Reached XP level 4. HP: 21/24 MP: 4/14
  1660 | D:3      | Found a glowing golden altar of the Shining One.
  2242 | D:3      | Found an iron altar of Okawaru.
  2645 | D:3      | Reached XP level 5. HP: 28/28 MP: 12/16
  2690 | D:3      | Reached skill level 7 in Spellcasting
  2825 | D:4      | Noticed an ogre
  2972 | D:4      | Noticed Sigmund
  2983 | D:5      | Entered Level 5 of the Dungeon
  2983 | D:5      | Noticed a +0 hand axe
  2984 | D:5      | Found a hide-covered altar of Uskayaw.
  2984 | D:5      | Noticed a +0 dagger
  2998 | D:5      | Found a staircase to the Ecumenical Temple.
  3102 | D:5      | Found a sparkling altar of Nemelex Xobeh.
  3125 | D:5      | Noticed a sky beast
  3162 | D:4      | Found a basalt altar of Yredelemnul.
  3210 | D:4      | Found Hekaogu's Magic Scroll Shoppe.
  3231 | D:4      | Found a glowing drain.
  3240 | Sewer    | Entered a sewer
  3247 | Sewer    | Slain by an ooze

Levels and vault maps discovered:
D:1:      scummos_arrival_star, layout_rooms
D:2:      layout_basic, old_standard_altar
D:3:      layout_loops_ring, tso_metal_star, okawaru_gym_becter
D:4:      layout_basic, lemuel_crystal_altar, portal_sewer_entry_f,
          first_ration, serial_shops,
          nicolae_shop_temple_entry_statues_fountains, minmay_joined_circles,
          uniq_sigmund
D:5:      layout_rooms, nemelex_xobeh_ov_fountains_minmay,
          dancing_weapons_uskayaw, minmay_temple_entry_waves
Sewer:    sewer_fruit_machine

Skill      XL: |  1  2  3  4  5 |
---------------+----------------+-----
Spellcasting   | 5 6 7 |  7.7
Conjurations   | 2 3 |  3.0
Stealth        | 3 |  3.1
Dodging        | |  2.7
Unarmed Combat | |  0.1
Summonings     | |  1.1
Translocations | |  1.3
Air Magic      | |  0.1

Action                   |  1- 3 |  4- 6 || total
-------------------------+-------+-------++-------
Melee: Unarmed           |     4 |       ||     4
 Cast: Magic Dart        |   119 |   157 ||   276
       Conjure Flame     |     1 |       ||     1
       Blink             |       |     5 ||     5
       Mephitic Cloud    |       |     2 ||     2
  Use: Potion            |     1 |       ||     1
 Stab: Sleeping          |     2 |       ||     2
  Eat: Chunk             |     1 |     5 ||     6
Armor: Robe              |     2 |     8 ||    10
Dodge: Dodged            |    36 |    48 ||    84
